 Dungeon Crawl Stone Soup version 0.18-a0-917-g8a3da5b (webtiles) character file.

27 filipzpl the Insei (level 3, -2/26 HPs)
             Began as a Merfolk Transmuter on Dec 26, 2015.
             Slain by a gnoll
             ... wielding a +1 vampiric spear
              (5 damage)
             ... on level 2 of the Dungeon.
             The game lasted 00:03:01 (1291 turns).

filipzpl the Insei (Merfolk Transmuter)             Turns: 1291, Time: 00:03:02

Health: -2/26      AC:  2    Str: 10    XL:     3   Next: 10%
Magic:  3/6        EV: 21    Int: 13    God:
Gold:   37         SH:  0    Dex: 19    Spells: 2 memorised, 2 levels left

rFire  x . .     SeeInvis .       - Unarmed
rCold  + . .     Gourm    .     (armour currently unavailable)
rNeg   . . .     Faith    .     (shield currently unavailable)
rPois  x         Spirit   .     (helmet currently unavailable)
rElec  .         Dismiss  .     (cloak currently unavailable)
rCorr  .         Reflect  .     (gloves currently unavailable)
SustAt .         Harm     .     (boots currently unavailable)
MR     .....                    (no amulet)
Stlth  ++........               (no ring)
                                k - ring of ice

@: spider-form (expiring), not resistant to hostile enchantments, unstealthy
A: (change form in water), (swift swim)
a: End Transformation


You were on level 2 of the Dungeon.
You were very hungry.
You were a venomous arachnid creature.
You visited 1 branch of the dungeon, and saw 3 of its levels.

You collected 37 gold pieces.

Inventory:

Missiles
 a - 12 arrows
Armour
 b - a +0 robe (melded)
Jewellery
 k - a ring of ice (left front leg)
Potions
 e - a potion of lignification {unknown}
Books
 c - a book of Changes

   Spells                             Type                      Level
   a - Beastly Appendage              Transmutation                1
   b - Sticks to Snakes               Transmutation                2
   c - Spider Form                    Transmutation/Poison         3
   d - Ice Form                       Ice/Transmutation            4
   e - Blade Hands                    Transmutation                5
Comestibles
 d - 3 bread rations
 h - a meat ration


   Skills:
 - Level 1.1 Fighting
 - Level 2.6 Dodging
 - Level 4.4 Unarmed Combat
 - Level 2.0 Spellcasting
 + Level 2.8 Transmutations
 + Level 0.2 Poison Magic


You had 2 spell levels left.
You knew the following spells:

 Your Spells              Type           Power        Failure   Level  Hunger
a - Beastly Appendage     Trmt           #.....       24%         1    ##.....
b - Spider Form           Trmt/Pois      #.........   61%         3    ####...


Dungeon Overview and Level Annotations

Branches:
Dungeon (3/15)

Altars:


Message History

The gnoll is lightly wounded.
Your transformation is almost over.
The gnoll closely misses you. The gnoll hits you but does no damage.
The hobgoblin closely misses you.
You hit the gnoll.
The gnoll looks even sicker.
The gnoll is heavily wounded.
The gnoll hits you from afar with a vampiric spear!
The gnoll closely misses you. x2
You closely miss the gnoll.
The gnoll is heavily wounded.
The gnoll closely misses you. The hobgoblin completely misses you.
The gnoll hits you with a spear.
* * * LOW HITPOINT WARNING * * *
The gnoll misses you.
You are too injured to fight recklessly!
You are too injured to fight recklessly!
You hit the gnoll.
The gnoll is severely wounded.
The gnoll hits you from afar with a vampiric spear.
You die...

**,**** *,**,** *******
*,* *,*,,,*### *,*
*,,,,,,..# *,* ***,,,*#.#
*,* **,**#.# *,* *,* #.#
*,* #.* #.###############
*,********
#.*##.gg....#........
*,,,,,,,,*
#.##sg#..##.g#.######
********,*
#..g.g.#.##.###gggg# *,*
##...........#,###.#
*.####....##.#..#.#* *,*
*.......#.##......# *,**
*#.........†....###***,,,
#...#.##.##........,,,,,
#..#..*#.##..######**,,,
*,..,,,......# *,,*


You could see 4 gnolls and a hobgoblin.

Vanquished Creatures
  A giant gecko (D:1)
  A ball python (D:1)
  2 giant cockroaches (D:2)
  4 goblins
  3 jackals (D:1)
  4 bats (D:1)
  4 giant newts (D:1)
  3 kobolds
  3 rats
25 creatures vanquished.

Notes
Turn   | Place    | Note
--------------------------------------------------------------
     0 | D:1      | filipzpl the Merfolk Transmuter began the quest for the Orb.
     0 | D:1      | Reached XP level 1. HP: 15/15 MP: 3/3
     2 | D:1      | Noticed a vampire
     2 | D:1      | Noticed a merfolk
     4 | D:1      | Noticed a ghoul
     6 | D:1      | Noticed a demonspawn
     6 | D:1      | Noticed a demigod
    10 | D:1      | Noticed an elf
    10 | D:1      | Noticed an ogre
    12 | D:1      | Noticed a human
    14 | D:1      | Noticed a felid
    14 | D:1      | Noticed a tengu
    16 | D:1      | Noticed an octopode
    16 | D:1      | Noticed a gargoyle
    18 | D:1      | Noticed a vine stalker
    18 | D:1      | Noticed a troll
    20 | D:1      | Noticed a centaur
    20 | D:1      | Noticed a dwarf
    22 | D:1      | Noticed a draconian
    22 | D:1      | Noticed a spriggan
    24 | D:1      | Noticed a naga
    26 | D:1      | Noticed a formicid
    26 | D:1      | Noticed a minotaur
   382 | D:1      | Reached XP level 2. HP: 18/21 MP: 5/5
   418 | D:1      | Reached skill level 4 in Unarmed Combat
   987 | D:2      | Reached XP level 3. HP: 24/26 MP: 6/6
   992 | D:2      | Learned a level 3 spell: Spider Form
  1291 | D:2      | Slain by a gnoll

Vault maps used:
D:1:      kb_arrival_jail, fountainhead, serial_bayou_lake_a
D:2:      kennysheep_doodads, hangedman_abyss_or_decor_lesser_grid,
          minmay_misc_feat_chi
D:3:      first_bread, minmay_door_square, minmay_misc_feat_x,
          corexii_item_surrounded_by_moat, uniq_sigmund

Action                   || total
-------------------------++-------
Melee: Unarmed           ||    76
 Cast: Beastly Appendage ||     1
       Spider Form       ||     1
  Use: Scroll            ||     4
 Stab: Sleeping          ||     1
